Cogmind - Beta 9.2 @@@ ROGUE MODE // 2019.12.03 @ 14:28:30 Player: Nalzok Result: Destroyed by Y-54 Guardian with Flak Gun Performance ------------- Evolutions (4) 2000 Regions Visited (13) 2600 Robots Destroyed (109) 545 Value Destroyed (4602) 4602 Prototype IDs (6) 120 Alien Tech Used (0) 0 Bonus (3439) 3439 TOTAL SCORE: 13306 Bonus ------- High Alert Combat Kills 802 Follower Combat Kills 558 Entered Garrisons 600 Used RIF Installer 1500 Friendly Fire -21 Cogmind --------- Core Integrity 0/850 Matter 277/300 Energy 80/100 System Corruption 4% Temperature Cool (23) Movement Core (700) Ox13 Location -6/Extension Parts ------- > --- POWER (1) -------- (None) > --- PROPULSION (4) --- (None) > --- UTILITY (8) ------ Large Storage Unit Large Storage Unit Enhanced Optical Array Advanced Melee Analysis Suite Advanced Melee Analysis Suite Advanced Melee Analysis Suite Relay Coupler [NC] (33) > --- WEAPON (2) ------- Heavy Machine Gun Great Axe > --- INVENTORY (16) --- Improved Deuterium Engine Light Angular Momentum Engine Large Storage Unit Advanced Melee Analysis Suite Relay Coupler [NC] (38) Relay Coupler [Swarmer] (47) Heavy Machine Gun Heavy Machine Gun Heavy Machine Gun Micro-nuke Launcher Micro-nuke Launcher Remote Datajack Remote Datajack Shock Maul Spear Peak State ------------ > --- POWER ------------ Fission Core > --- PROPULSION ------- Carbon-fiber Leg Improved Titanium Leg Improved Titanium Leg Armored Leg > --- UTILITY ---------- Improved Heat Sink Large Storage Unit Large Storage Unit Enhanced Optical Array Core Analyzer Relay Coupler [NC] Relay Coupler [Sentry] Relay Coupler [Behemoth] > --- WEAPON ----------- Flak Gun Great Axe > --- INVENTORY -------- Improved Deuterium Engine Aluminum Leg Aluminum Leg Large Storage Unit Improved Melee Analysis Suite Relay Coupler [NC] Relay Coupler [Swarmer] Relay Coupler [Grunt] Lightning Gun Gauss Rifle Flak Cannon Mini Grenade Launcher Remote Datajack Remote Datajack Shock Maul Spear [Rating: 57] Favorites ----------- Power Ion Engine Engine Ion Engine Power Core Light Nuclear Core Propulsion Aluminum Leg Treads Light Treads Leg Aluminum Leg Utility Large Storage Unit Device Cooling System Storage Large Storage Unit Processor Enhanced Optical Array Hackware Relay Coupler [NC] Weapon Flak Gun Energy Gun EM Pulse Gun Energy Cannon Advanced Beam Cannon Ballistic Gun Flak Gun Ballistic Cannon Flak Cannon Launcher Mini Grenade Launcher Special Weapon Remote Datajack Impact Weapon Shock Maul Slashing Weapon Great Axe Build | -11 -10 -9 -9 -8 -8 -7 -7 -7 -7 -6 -6 -6 -6 ------- Run | Scr Mat Mat Sto Mat Gar Fac Was Fac Gar Fac Gar Fac Ext Slots Evolved 8 | . . 2 . 2 . 2 . . . 2 . . . Power . | . . . . . . . . . . . . . . Propulsion 2 | . . 2 . . . . . . . . . . . Utility 6 | . . . . 2 . 2 . . . 2 . . . Weapon . | . . . . . . . . . . . . . . Parts Attached 193 | . 10 9 11 31 20 . 4 28 24 4 44 7 1 Power 21 | . 2 1 . 4 1 . . 3 3 1 4 2 . Engine 14 | . 2 1 . 3 1 . . 1 . . 4 2 . Core 7 | . . . . 1 . . . 2 3 1 . . . Reactor . | . . . . . . . . . . . . . . Propulsion 64 | . 4 2 4 20 8 . 1 4 8 1 10 2 . Treads 4 | . . . . . . . . . . . 2 2 . Leg 60 | . 4 2 4 20 8 . 1 4 8 1 8 . . Wheel . | . . . . . . . . . . . . . . Hover . | . . . . . . . . . . . . . . Flight . | . . . . . . . . . . . . . . Utility 39 | . 2 1 3 3 5 . 1 6 3 2 12 1 . Device 16 | . 1 . 2 2 3 . . 2 1 . 5 . . Storage 6 | . 1 1 1 1 . . . 2 . . . . . Processor 6 | . . . . . . . . 1 . 1 3 1 . Hackware 11 | . . . . . 2 . 1 1 2 1 4 . . Protection . | . . . . . . . . . . . . . . Artifact . | . . . . . . . . . . . . . . Weapon 69 | . 2 5 4 4 6 . 2 15 10 . 18 2 1 Energy Gun 10 | . . . 1 . 2 . 1 1 1 . 4 . . Energy Cannon 8 | . . 3 1 1 . . . 3 . . . . . Ballistic Gun 26 | . 2 2 . 2 3 . . 5 5 . 6 . 1 Ballistic Cannon 2 | . . . . . . . . . . . 2 . . Launcher 9 | . . . . 1 1 . . 3 2 . 1 1 . Special Weapon 6 | . . . . . . . 1 1 . . 3 1 . Impact Weapon 3 | . . . 2 . . . . 1 . . . . . Slashing Weapon 5 | . . . . . . . . 1 2 . 2 . . Piercing Weapon . | . . . . . . . . . . . . . . Special Melee Weapon . | . . . . . . . . . . . . . . Unidentified Prototypes 4 | . . 1 2 . . . . 1 . . . . . Parts Lost 69 | . 1 2 1 4 5 . 1 5 14 . 29 5 2 Power 10 | . . . . 1 . . 1 1 3 . 3 1 . Propulsion 25 | . . . 1 . 2 . . 1 5 . 12 3 1 Utility 14 | . 1 . . 2 2 . . 2 1 . 5 1 . Weapon 20 | . . 2 . 1 1 . . 1 5 . 9 . 1 Highest Loss Streak 8 | . 1 2 1 2 2 . 1 2 4 . 8 4 2 Average Slot Usage (%) 92 | . 95 98 95 95 90 84 87 94 94 98 83 93 66 Engine 4 | . 14 11 11 4 9 7 5 2 . . 3 6 . Core 1 | . . . . 4 . . . 1 5 6 1 . . Treads 2 | . . . . . . . . . . . 4 20 6 Leg 25 | . 28 44 40 36 35 30 30 29 27 26 12 . . Device 7 | . 1 11 11 14 9 7 7 6 4 6 5 6 . Storage 14 | . 23 11 11 18 18 15 15 15 15 13 13 13 13 Processor 7 | . . . . . . . . 6 7 12 13 22 26 Hackware 10 | . . . . . 1 7 14 14 17 18 14 10 6 Energy Gun 2 | . 11 . 1 9 8 7 . 1 1 . 1 . . Energy Cannon 2 | . . 19 7 3 . . . 2 . . . . . Ballistic Gun 5 | . 16 1 7 1 9 7 5 5 10 6 3 . . Special Weapon 1 | . . . . . . . 6 2 . . 1 4 . Impact Weapon 1 | . . . 5 2 . . . 1 . . . . . Slashing Weapon 1 | . . . . . . . . . 1 6 3 6 6 Naked Turns . | . . . . . . . . . . . . . . Heaviest Build 61 | 11 17 30 30 47 44 42 43 47 46 51 53 61 47 Greatest Support 84 | 20 20 40 40 80 55 55 55 78 80 71 71 84 22 Greatest Overweight (x) 14 | . . . . 1 1 . . 1 2 . 14 2 2 Average Overweight (x) . | . . . . . . . . . . . . . 2 Largest Inventory Capacity 16 | 6 6 10 10 16 16 16 16 16 16 16 16 16 16 Average Capacity 14 | 6 6 9 10 16 16 16 16 16 16 16 16 16 16 Most Carried 16 | 5 6 10 10 16 16 16 16 16 16 16 16 16 16 Average Carried 14 | 3 4 8 9 14 15 16 15 15 15 15 14 15 16 Final Capacity 16 | 6 6 10 10 16 16 16 16 16 16 16 16 16 16 Final Carried 16 | 2 6 10 10 16 16 16 14 16 16 16 16 16 15 Class Distribution -------------------- 54% | Bothacker-Mutant 27% | Scavenger-Mutant 9% | Mutant 9% | Commander-Mutant Dominant Class ---------------- Mutant | -10/Materials Scavenger-Mutant | -9/Materials Commander-Mutant | -9/Storage Commander-Mutant | -8/Materials Scavenger-Mutant | -8/Garrison Scavenger-Mutant | -7/Factory Scavenger-Mutant | -7/Waste Bothacker-Mutant | -7/Factory Bothacker-Mutant | -7/Garrison Bothacker-Mutant | -6/Factory Bothacker-Mutant | -6/Garrison Bothacker-Mutant | -6/Factory Mutant | -6/Extension Resources | -11 -10 -9 -9 -8 -8 -7 -7 -7 -7 -6 -6 -6 -6 ----------- Run | Scr Mat Mat Sto Mat Gar Fac Was Fac Gar Fac Gar Fac Ext Matter Collected 3535 | 200 232 83 145 329 306 . . 583 593 . 864 200 . Remotely . | . . . . . . . . . . . . . . Salvage Created 3905 | . 361 130 142 665 470 . . 635 550 . 638 314 . Parts 213 | . 31 8 6 43 35 . . 33 30 . 20 7 . Haulers Intercepted 1 | . 1 . . . . . . . . . . . . Recyclers Shooed 4 | . 2 . 1 . . . . 1 . . . . . Parts Field Recycled . | . . . . . . . . . . . . . . Retrieved Matter . | . . . . . . . . . . . . . . Parts Self-Destructed . | . . . . . . . . . . . . . . Prevented . | . . . . . . . . . . . . . . Kills | -11 -10 -9 -9 -8 -8 -7 -7 -7 -7 -6 -6 -6 -6 ------- Run | Scr Mat Mat Sto Mat Gar Fac Was Fac Gar Fac Gar Fac Ext Combat Hostiles Destroyed 90 | . 10 4 3 16 14 . . 9 16 . 15 3 . Melee 5 | . . . . . . . . . . . 4 1 . Guns 44 | . 10 . 1 4 7 . . 8 9 . 5 . . Cannons 10 | . . 4 2 2 . . . 1 . . 1 . . AOE 31 | . . . . 10 7 . . . 7 . 5 2 . Classes Destroyed 13 | . 5 2 . . 1 . . 2 2 . 1 . . Worker 8 | . 1 . 1 5 . . . 1 . . . . . Builder 5 | . 1 . . 3 . . . 1 . . . . . Hauler 1 | . 1 . . . . . . . . . . . . Recycler 4 | . . . . . . . . 2 . . . 2 . Operator 1 | . . 1 . . . . . . . . . . . Swarmer 29 | . 6 2 . 5 6 . . 1 9 . . . . Grunt 42 | . 4 1 2 10 5 . . 5 4 . 9 2 . Brawler 2 | . . . . . . . . . 1 . 1 . . Duelist 2 | . . . . . . . . . 1 . 1 . . Sentry 9 | . . 1 1 1 1 . . 2 1 . 2 . . Hunter 3 | . . . . . 2 . . . . . 1 . . Programmer 2 | . . . . . . . . 1 . . . 1 . Behemoth 1 | . . . . . . . . . . . 1 . . Best Kill Streak 13 | . 4 1 2 13 6 . . 3 6 . 5 4 . Combat Bots Only 8 | . 3 1 2 8 6 . . 2 6 . 5 2 . Max Kills in Single Turn 7 | . 2 1 1 7 5 . . 1 4 . 2 4 . Gunslinging 1 | . 1 . . . . . . . . . . . . Exploded 5 | . . . . 5 5 . . . 4 . 2 2 . Melee 1 | . . . . . . . . . . . 1 1 . Uniques/NPCs Destroyed . | . . . . . . . . . . . . . . Combat | -11 -10 -9 -9 -8 -8 -7 -7 -7 -7 -6 -6 -6 -6 -------- Run | Scr Mat Mat Sto Mat Gar Fac Was Fac Gar Fac Gar Fac Ext Damage Taken 10064 | . 406 409 74 866 878 . 44 1331 1576 . 3549 714 217 Core 1868 | . 97 37 22 143 159 . 44 271 242 . 656 122 75 Absorbed by Shields 76 | . . . . . . . . . . . 76 . . Core Remaining (%) 62 | 100 61 . 85 . 45 . . . 20 . . . . Volleys Fired 335 | . 30 15 11 24 38 . 8 50 60 . 86 12 1 Largest 2 | . 2 2 2 2 2 . 1 2 2 . 2 1 1 Hottest 136 | . 60 136 91 113 68 . 30 96 91 . 92 49 49 Shots Fired 540 | . 60 28 21 39 74 . 8 80 101 . 116 12 1 Gun 394 | . 60 . 10 29 72 . . 57 98 . 68 . . Cannon 96 | . . 28 11 7 . . . 20 . . 30 . . Launcher 25 | . . . . 3 2 . . . 3 . 10 6 1 Special 25 | . . . . . . . 8 3 . . 8 6 . Kinetic 300 | . 34 . 10 9 36 . . 49 85 . 77 . . Thermal 94 | . . 28 11 7 . . . 20 13 . 15 . . Explosive 25 | . . . . 3 2 . . . 3 . 10 6 1 Electromagnetic 96 | . 26 . . 20 36 . . 8 . . 6 . . Robot Hit Streak 15 | . 5 5 5 9 14 . 4 11 15 . 12 2 3 Robot Miss Streak 10 | . 5 3 2 3 2 . 1 4 10 . 6 1 . Penetration Max 1 | . . . . . . . . . . . 1 . . Secondary Targets 7 | . 4 . . 1 . . . 2 . . . . . Max Gunslinging Chain 1 | . 1 . . 1 . . . 1 . . . . . Shots Hit Robots 396 | . 27 16 16 28 49 . 5 66 71 . 106 11 1 Core Hits 270 | . 13 5 7 37 28 . . 52 46 . 73 9 . Critical Hits 10 | . . 2 1 2 2 . . 1 . . 2 . . Critical Kills 3 | . . 1 . 1 1 . . . . . . . . Critical Parts Destroyed 6 | . . 1 1 1 . . . 1 . . 2 . . Melee Attacks 59 | . . . 4 . . . . 17 3 . 17 18 . Impact 15 | . . . 4 . . . . 11 . . . . . Slashing 44 | . . . . . . . . 6 3 . 17 18 . Piercing . | . . . . . . . . . . . . . . Sneak Attacks 3 | . . . 1 . . . . 1 . . . 1 . Combat Hostiles . | . . . . . . . . . . . . . . Follow-up Attacks . | . . . . . . . . . . . . . . Damage Inflicted 10646 | . 340 222 353 1492 1003 . . 1225 1400 . 3096 1194 321 Guns 4378 | . 340 . 123 382 605 . . 876 1018 . 1034 . . Cannons 1063 | . . 222 124 103 . . . 239 . . 375 . . Explosions 4053 | . . . . 1007 398 . . . 382 . 1102 843 321 Melee 1140 | . . . 106 . . . . 98 . . 585 351 . Ramming 12 | . . . . . . . . 12 . . . . . Kinetic 3314 | . 171 . 123 42 187 . . 794 919 . 1078 . . Thermal 1531 | . . 222 124 456 164 . . 239 99 . 227 . . Explosive 3536 | . . . . 654 234 . . . 382 . 1102 843 321 Electromagnetic 1113 | . 169 . . 340 418 . . 82 . . 104 . . Impact 204 | . . . 106 . . . . 98 . . . . . Slashing 936 | . . . . . . . . . . . 585 351 . Piercing . | . . . . . . . . . . . . . . Highest Corruption 6 | . 1 . . . . . . 1 6 . . 4 4 Average Corruption 1 | . 1 . . . . . . 1 2 . . 2 4 Corruption Purged . | . . . . . . . . . . . . . . Effects 14 | . 4 . . . . . . 3 4 . . 2 1 Message Errors 7 | . 2 . . . . . . 3 . . . 1 1 Matter Fused 2 | . . . . . . . . . 1 . . 1 . Energy Discharges 2 | . 1 . . . . . . . 1 . . . . Data Loss (minor) 1 | . . . . . . . . . 1 . . . . Targeting Errors 2 | . 1 . . . . . . . 1 . . . . Overload Shots . | . . . . . . . . . . . . . . Overflow Damage 259 | . . 3 63 16 . . . . . . 24 150 3 Projectiles 3 | . . 3 . . . . . . . . . . . Explosions 89 | . . . . 16 . . . . . . 24 46 3 Melee 167 | . . . 63 . . . . . . . . 104 . Knockbacks 11 | . . . 1 . . . . . . . 10 . . Impact 1 | . . . 1 . . . . . . . . . . Kinetic 10 | . . . . . . . . . . . 10 . . Secondary . | . . . . . . . . . . . . . . Self-Inflicted Damage 324 | . . . . 79 69 . . . . . 131 . 45 Shots 11 | . . . . 3 3 . . . . . 4 . 1 Rammed . | . . . . . . . . . . . . . . Targets Rammed 2 | . . . . . . . . 2 . . . . . Kicked 2 | . . . . . . . . 2 . . . . . Crushed . | . . . . . . . . . . . . . . Highest Temperature 182 | . 34 182 9 79 33 . . 28 101 . 41 . 5 Average Temperature 36 | . 20 73 4 38 14 . . 8 39 . 11 . 5 Received Heat Transfer 2516 | . 60 18 42 357 198 . . 444 294 . 995 54 54 Siege Activations . | . . . . . . . . . . . . . . Robots Corrupted . | . . . . . . . . . . . . . . Combat Hostiles . | . . . . . . . . . . . . . . Parts Fried 5 | . . . 1 1 3 . . . . . . . . Impact Corruptions 2 | . . . 2 . . . . . . . . . . Robots Melted . | . . . . . . . . . . . . . . Combat Hostiles . | . . . . . . . . . . . . . . Parts Melted 4 | . . 2 . . . . . 2 . . . . . Heat Transferred 2179 | . . 407 222 435 100 . . 407 222 . 386 . . Parts Sabotaged . | . . . . . . . . . . . . . . Parts Stolen . | . . . . . . . . . . . . . . Parts Stripped . | . . . . . . . . . . . . . . Power Chain Reactions 5 | . . . . 2 3 . . . . . . . . Missiles Intercepted . | . . . . . . . . . . . . . . Alert | -11 -10 -9 -9 -8 -8 -7 -7 -7 -7 -6 -6 -6 -6 ------- Run | Scr Mat Mat Sto Mat Gar Fac Was Fac Gar Fac Gar Fac Ext Peak Influence 1098 | . 267 230 416 553 715 375 1001 1098 1087 570 590 299 143 Average Influence 516 | . 138 149 177 260 549 375 466 801 974 570 502 240 127 Maximum Alert Level 3 | . 1 1 2 2 3 1 3 3 3 2 2 1 . Low Security (%) 17 | 100 64 80 52 35 . . 41 . . . . 21 100 Level 1 18 | . 35 19 35 43 18 100 10 . . . 4 78 . Level 2 34 | . . . 11 21 67 . 10 25 . 100 95 . . Level 3 29 | . . . . . 13 . 36 74 100 . . . . Level 4 . | . . . . . . . . . . . . . . Level 5 . | . . . . . . . . . . . . . . High Security . | . . . . . . . . . . . . . . Max Security . | . . . . . . . . . . . . . . Squads Dispatched 18 | . 1 . 3 5 . . . 6 . . . 3 . Investigation 4 | . 1 . 1 . . . . 2 . . . . . Extermination 1 | . . . . . . . . 1 . . . . . Reinforcement 9 | . . . 2 3 . . . 1 . . . 3 . Assault . | . . . . . . . . . . . . . . Garrison 4 | . . . . 2 . . . 2 . . . . . Intercept . | . . . . . . . . . . . . . . Construction Impeded . | . . . . . . . . . . . . . . Haulers Reinforced . | . . . . . . . . . . . . . . Stealth | -11 -10 -9 -9 -8 -8 -7 -7 -7 -7 -6 -6 -6 -6 --------- Run | Scr Mat Mat Sto Mat Gar Fac Was Fac Gar Fac Gar Fac Ext Distress Signals 6 | . . . 2 3 . . . . . . . 1 . Communications Jammed . | . . . . . . . . . . . . . . Distress Signals . | . . . . . . . . . . . . . . Times Spotted 165 | . 12 8 13 29 16 . 5 19 16 . 33 12 2 Peak Tracking Total 14 | . 4 3 4 14 7 . 2 5 6 . 5 6 2 Tactical Retreats 7 | . . 1 2 . 1 . . 2 . . 1 . . Traps | -11 -10 -9 -9 -8 -8 -7 -7 -7 -7 -6 -6 -6 -6 ------- Run | Scr Mat Mat Sto Mat Gar Fac Was Fac Gar Fac Gar Fac Ext Traps Triggered 12 | . 1 . . . . 1 . 3 1 . 3 1 2 Indirectly . | . . . . . . . . . . . . . . Trap Hack Attempts . | . . . . . . . . . . . . . . Triggered . | . . . . . . . . . . . . . . Disarmed . | . . . . . . . . . . . . . . Reprogrammed . | . . . . . . . . . . . . . . Reused . | . . . . . . . . . . . . . . Traps Extracted . | . . . . . . . . . . . . . . Installed . | . . . . . . . . . . . . . . Triggered . | . . . . . . . . . . . . . . Machines | -11 -10 -9 -9 -8 -8 -7 -7 -7 -7 -6 -6 -6 -6 ---------- Run | Scr Mat Mat Sto Mat Gar Fac Was Fac Gar Fac Gar Fac Ext Machines Disabled 17 | . 1 1 3 2 2 . . 3 2 . 1 2 . Max in Single Turn 1 | . 1 1 1 1 1 . . . 1 . 1 1 . Garrison Relay 5 | . . . . . 2 . . . 2 . 1 . . Machines Sabotaged . | . . . . . . . . . . . . . . Garrisons Compromised . | . . . . . . . . . . . . . . Overloaded Fab Kills . | . . . . . . . . . . . . . . Fab Network Shutdowns 1 | . . . . . . . . 1 . . . . . Hacking | -11 -10 -9 -9 -8 -8 -7 -7 -7 -7 -6 -6 -6 -6 --------- Run | Scr Mat Mat Sto Mat Gar Fac Was Fac Gar Fac Gar Fac Ext Machines Accessed 24 | . 1 2 6 3 . . . 8 . 1 . 3 . Terminals 15 | . 1 1 6 2 . . . 3 . . . 2 . Fabricators 4 | . . . . . . . . 3 . . . 1 . Repair Stations . | . . . . . . . . . . . . . . Recycling Units 1 | . . . . . . . . 1 . . . . . Scanalyzers 1 | . . 1 . . . . . . . . . . . Garrison Access 3 | . . . . 1 . . . 1 . 1 . . . Total Hacks 41 | . 3 4 8 5 . . . 14 . 1 . 6 . Successful 21 | . . 4 5 3 . . . 7 . 1 . 1 . Failed 20 | . 3 . 3 2 . . . 7 . . . 5 . Catastrophic 2 | . . . 1 . . . . . . . . 1 . Database Lockouts . | . . . . . . . . . . . . . . Manual . | . . . . . . . . . . . . . . Terminals 26 | . 3 1 8 4 . . . 6 . . . 4 . Fabricators 8 | . . . . . . . . 6 . . . 2 . Repair Stations . | . . . . . . . . . . . . . . Recycling Units 1 | . . . . . . . . 1 . . . . . Scanalyzers 3 | . . 3 . . . . . . . . . . . Garrison Access 3 | . . . . 1 . . . 1 . 1 . . . Terminal Hacks 11 | . . 1 5 2 . . . 2 . . . 1 . Robot Schematic 1 | . . . 1 . . . . . . . . . . Prototype ID Bank 1 | . . 1 . . . . . . . . . . . Open Door 2 | . . . 2 . . . . . . . . . . Level Access Points 1 | . . . 1 . . . . . . . . . . Branch Access Points 1 | . . . . 1 . . . . . . . . . Emergency Access Points 1 | . . . . . . . . 1 . . . . . Locate Traps 4 | . . . 1 1 . . . 1 . . . 1 . Fabricator Hacks 3 | . . . . . . . . 3 . . . . . Load Schematic 1 | . . . . . . . . 1 . . . . . Build 2 | . . . . . . . . 2 . . . . . Repair Station Hacks . | . . . . . . . . . . . . . . Recycling Unit Hacks 1 | . . . . . . . . 1 . . . . . Retrieve Components 1 | . . . . . . . . 1 . . . . . Scanalyzer 3 | . . 3 . . . . . . . . . . . Insert Component 1 | . . 1 . . . . . . . . . . . Analyze 2 | . . 2 . . . . . . . . . . . Garrison Access Hacks 3 | . . . . 1 . . . 1 . 1 . . . Unlock Access 3 | . . . . 1 . . . 1 . 1 . . . Unauthorized Hacks . | . . . . . . . . . . . . . . Terminals . | . . . . . . . . . . . . . . Fabricators . | . . . . . . . . . . . . . . Repair Stations . | . . . . . . . . . . . . . . Recycling Units . | . . . . . . . . . . . . . . Scanalyzers . | . . . . . . . . . . . . . . Garrison Access . | . . . . . . . . . . . . . . Data Cores Recovered 1 | . . 1 . . . . . . . . . . . Used 1 | . . 1 . . . . . . . . . . . Hacking Detections 13 | . 1 1 3 1 . . . 5 . . . 2 . Full Trace Events 2 | . 1 . . . . . . 1 . . . . . Feedback Events . | . . . . . . . . . . . . . . Feedback Blocked . | . . . . . . . . . . . . . . Robot Schematics Acquired 1 | . . . 1 . . . . . . . . . . Robots Built . | . . . . . . . . . . . . . . Matter 186 | . . . . . . . . 186 . . . . . Time 99 | . . . . . . . . 99 . . . . . Total Robot Build Rating . | . . . . . . . . . . . . . . Part Schematics Acquired 1 | . . 1 . . . . . . . . . . . Parts Built . | . . . . . . . . . . . . . . Matter . | . . . . . . . . . . . . . . Time . | . . . . . . . . . . . . . . Total Part Build Rating . | . . . . . . . . . . . . . . Parts Repaired . | . . . . . . . . . . . . . . Time . | . . . . . . . . . . . . . . Parts Recycled . | . . . . . . . . . . . . . . Recycled Matter . | . . . . . . . . . . . . . . Retrieved Matter . | . . . . . . . . . . . . . . Retrieved Components 10 | . . . . . . . . 10 . . . . . Parts Scanalyzed 1 | . . 1 . . . . . . . . . . . Part Schematics Acquired 1 | . . 1 . . . . . . . . . . . Parts Damaged . | . . . . . . . . . . . . . . Bothacking | -11 -10 -9 -9 -8 -8 -7 -7 -7 -7 -6 -6 -6 -6 ------------ Run | Scr Mat Mat Sto Mat Gar Fac Was Fac Gar Fac Gar Fac Ext Used RIF Installer 3 | . . . . . 1 . . . 1 . 1 . . Coupler Efficiency 1 | . . . . . . . . . 1 . . . . Structural Interface 1 | . . . . . . . . . . . 1 . . Robots Hacked 19 | . . . . . . . 6 2 . . 8 3 . Non-combat 3 | . . . . . . . . . . . . 3 . Combat 16 | . . . . . . . 6 2 . . 8 . . Robot Hacks Applied 20 | . . . . . . . 7 2 . . 8 3 . parse_system 1 | . . . . . . . . . . . 1 . . start_evac 2 | . . . . . . . . . . . . 2 . map_route 1 | . . . . . . . . . . . . 1 . ignore_targets 7 | . . . . . . . 7 . . . . . . streamctrl_high 1 | . . . . . . . . . . . 1 . . formatsys_high 8 | . . . . . . . . 2 . . 6 . . Relay Couplers Released 19 | . . . . . 9 . . . 7 . 3 . . Machine Destruction 19 | . . . . . 9 . . . 7 . 3 . . Attached 10 | . . . . . 1 . 1 1 2 1 4 . . Robots Rewired . | . . . . . . . . . . . . . . Allies Hacked . | . . . . . . . . . . . . . . Hacks Repelled . | . . . . . . . . . . . . . . Allies | -11 -10 -9 -9 -8 -8 -7 -7 -7 -7 -6 -6 -6 -6 -------- Run | Scr Mat Mat Sto Mat Gar Fac Was Fac Gar Fac Gar Fac Ext Total Allies 21 | . . . 11 . . . 1 2 . . 7 . . Largest Group 11 | . . . 11 8 . . 1 1 1 . 3 . . Highest-Rated Group 187 | . . . 187 72 . . 31 32 21 . 81 . . Highest-Rated Ally 99 | . . . 99 16 . . 31 32 21 . 81 . . Total Orders 6 | . . . 1 . . . . 3 1 . 1 . . STAY 2 | . . . . . . . . . 1 . 1 . . GOTO 2 | . . . . . . . . 2 . . . . . FOLLOW 1 | . . . . . . . . 1 . . . . . EXPLORE 1 | . . . 1 . . . . . . . . . . Ally Attacks 174 | . . . 34 65 . . 20 11 . . 44 . . Total Damage 2896 | . . . 406 616 . . 315 442 . . 1117 . . Kills 21 | . . . 7 7 . . . 3 . . 4 . . Allies Corrupted 4 | . . . 4 . . . . . . . . . . Allies Melted . | . . . . . . . . . . . . . . Intel | -11 -10 -9 -9 -8 -8 -7 -7 -7 -7 -6 -6 -6 -6 ------- Run | Scr Mat Mat Sto Mat Gar Fac Was Fac Gar Fac Gar Fac Ext Robot Analysis Total . | . . . . . . . . . . . . . . Derelict Logs Recovered . | . . . . . . . . . . . . . . Drone Launches 16 | . . . 16 . . . . . . . . . . Drone Recoveries . | . . . . . . . . . . . . . . Exploration | -11 -10 -9 -9 -8 -8 -7 -7 -7 -7 -6 -6 -6 -6 ------------- Run | Scr Mat Mat Sto Mat Gar Fac Was Fac Gar Fac Gar Fac Ext Turns Passed 6608 | 3 371 301 434 514 485 18 211 1529 643 144 1302 578 75 Spaces Moved 3735 | 1 216 200 272 284 283 16 139 910 333 110 621 313 37 Core 4 | . . . . . . . . . . . 4 . . Treads 579 | . . . . . . . . . . . 229 313 37 Legs 3152 | 1 216 200 272 284 283 16 139 910 333 110 388 . . Wheels . | . . . . . . . . . . . . . . Hover . | . . . . . . . . . . . . . . Flight . | . . . . . . . . . . . . . . Fastest Speed 120 | 120 120 120 120 120 120 120 120 120 125 125 120 150 185 Average Speed 135 | 120 120 120 120 135 120 120 120 134 130 125 155 155 185 Slowest Speed 750 | 120 120 120 120 160 150 120 120 160 190 125 750 185 185 Overloaded Moves . | . . . . . . . . . . . . . . Propulsion Burnouts . | . . . . . . . . . . . . . . Robots Hopped . | . . . . . . . . . . . . . . Cave-ins Triggered . | . . . . . . . . . . . . . . Exploration Rate (%) 31 | 2 29 17 71 27 43 2 72 22 47 5 78 11 11 Regions Visited 13 Branch Regions 2 Pre-discovered Areas . | . . . . . . . . . . . . . . Known Exits Taken 4 | . . . 1 1 . . . 1 . 1 . . . Unknown Exits Taken 4 | 1 1 1 . . . . . . . . . 1 . Scrap Searched . | . . . . . . . . . . . . . . Spaces Dug 24 | . . . . . . . . 12 . . . 12 . Terrain Destroyed 227 | . . . . 28 26 . . 12 19 . 15 101 26 Melee 24 | . . . . . . . . 12 . . . 12 . Projectile . | . . . . . . . . . . . . . . AOE 203 | . . . . 28 26 . . . 19 . 15 89 26 Actions | -11 -10 -9 -9 -8 -8 -7 -7 -7 -7 -6 -6 -6 -6 --------- Run | Scr Mat Mat Sto Mat Gar Fac Was Fac Gar Fac Gar Fac Ext Total 4676 | 4 270 232 357 377 356 16 178 1108 441 116 815 363 43 Wait 180 | . 5 . 30 13 1 . 28 80 6 . 5 12 . Move 3726 | . 215 199 271 284 282 16 138 910 332 110 620 312 37 Hop . | . . . . . . . . . . . . . . Pick Up 64 | . 3 6 6 8 3 . . 9 9 1 19 . . Fast Attach 51 | . 3 2 2 2 5 . 1 7 9 . 18 2 . Attach 37 | . . 3 . 3 2 . 2 2 8 2 13 1 1 Detach 2 | . . . . . . . . . . . 2 . . Swap 105 | . 7 4 9 26 13 . 1 19 7 2 13 4 . Drop 84 | 4 7 3 13 17 12 . . 12 4 1 9 2 . Fire 335 | . 30 15 11 24 38 . 8 50 60 . 86 12 1 Melee 59 | . . . 4 . . . . 17 3 . 17 18 . Ram . | . . . . . . . . . . . . . . Kick 2 | . . . . . . . . 2 . . . . . Crush . | . . . . . . . . . . . . . . Escape Stasis 17 | . . . . . . . . . 3 . 10 . 4 Rewire 6 | . . . 3 . . . . . . . 3 . . Trap . | . . . . . . . . . . . . . . Miscellaneous 8 | . . . 8 . . . . . . . . . . Route ------- -11/Scrapyard -10/Materials -9/Materials -9/Storage -8/Materials -8/Garrison -7/Factory -7/Waste -7/Factory -7/Garrison -6/Factory -6/Garrison (discovered 2 exits: *Fac x2) -6/Factory -6/Extension History --------- Turn | Location | Event 4 | -11/Scrapyard | Discovered new exit (range 0) 4 | -11/Scrapyard | Entered Materials 254 | -10/Materials | Discovered new exit (range 7) 375 | -10/Materials | Entered another Materials area 375 | -9/Materials | Evolved 2 slots: Propulsion x2 548 | -9/Materials | Discovered new exit (range 15) 676 | -9/Materials | Entered Storage 696 | -9/Storage | Build established: Scavenger-Mutant 787 | -9/Storage | Discovered new exit (range 70) 821 | -9/Storage | Assisted by bots powering up and referring to "LRC-V3" 844 | -9/Storage | Met 01-MTF 896 | -9/Storage | Identified exit to Materials 1108 | -9/Storage | Build established: Commander-Mutant 1110 | -9/Storage | Entered Materials 1110 | -8/Materials | Accompanied by 9 allies 1110 | -8/Materials | Evolved 2 slots: Utility x2 1115 | -8/Materials | 01-MTF left 1447 | -8/Materials | Garrison activated, responded to threat 1499 | -8/Materials | Destroyed 8 combat bots 1624 | -8/Materials | Identified exit to Garrison 1624 | -8/Materials | Entered Garrison 1690 | -8/Garrison | Triggered checkpoint 1701 | -8/Garrison | Garrison Relay disabled 1738 | -8/Garrison | Build established: Scavenger-Mutant 1806 | -8/Garrison | Triggered checkpoint 1929 | -8/Garrison | Discovered new exit (range 10) 1951 | -8/Garrison | Installed Relay Interface Framework 1985 | -8/Garrison | Triggered checkpoint 1998 | -8/Garrison | Core integrity fell below 50% 2044 | -8/Garrison | Garrison Relay disabled 2109 | -8/Garrison | Entered Factory 2109 | -7/Factory | Evolved 2 slots: Utility x2 2127 | -7/Factory | Sucked down chute 2127 | -7/Factory | Entered Waste 2128 | -7/Waste | Met a frightened Derelict 2147 | -7/Waste | Spotted C-40 Crusher 2151 | -7/Waste | Spotted C-40 Crusher 2158 | -7/Waste | Spotted C-40 Crusher 2206 | -7/Waste | Spotted C-40 Crusher 2227 | -7/Waste | Spotted C-40 Crusher 2279 | -7/Waste | Spotted C-40 Crusher 2282 | -7/Waste | Crushed by Compactor (1 part destroyed, 2 dropped) 2306 | -7/Waste | Discovered new exit (range 15) 2338 | -7/Waste | Entered Factory 2579 | -7/Factory | Build established: Bothacker-Mutant 3127 | -7/Factory | Local fabrication network quarantined 3738 | -7/Factory | Garrison activated, responded to threat 3867 | -7/Factory | Identified exit to Garrison 3867 | -7/Factory | Entered Garrison 3867 | -7/Garrison | Accompanied by 1 ally 3874 | -7/Garrison | Expanded RIF knowledge: Coupler Efficiency 3900 | -7/Garrison | Core integrity fell below 50% 3955 | -7/Garrison | Lost 3 parts (1p2n) 3982 | -7/Garrison | Triggered checkpoint 3992 | -7/Garrison | Garrison Relay disabled 4064 | -7/Garrison | Triggered checkpoint 4133 | -7/Garrison | Lost 4 parts (1p1n2w) 4212 | -7/Garrison | Triggered checkpoint 4277 | -7/Garrison | Lost 3 parts (1u2w) 4358 | -7/Garrison | Triggered checkpoint 4381 | -7/Garrison | Discovered new exit (range 21) 4412 | -7/Garrison | Lost 4 parts (1p2n1w) 4446 | -7/Garrison | Garrison Relay disabled 4510 | -7/Garrison | Entered Factory 4510 | -6/Factory | Evolved 2 slots: Utility x2 4654 | -6/Factory | Identified exit to Garrison 4654 | -6/Factory | Entered Garrison 4661 | -6/Garrison | Expanded RIF knowledge: Structural Interface 4716 | -6/Garrison | Triggered checkpoint 4787 | -6/Garrison | Lost 4 parts (2n2u) 4892 | -6/Garrison | Triggered checkpoint 4941 | -6/Garrison | Garrison Relay disabled 4992 | -6/Garrison | Triggered checkpoint 5022 | -6/Garrison | Triggered checkpoint 5041 | -6/Garrison | Triggered checkpoint 5092 | -6/Garrison | Lost 8 parts (1p3n2u2w) 5155 | -6/Garrison | Lost 7 parts (3n1u3w) 5248 | -6/Garrison | Spotted B-75 Beast 5261 | -6/Garrison | Spotted B-75 Beast 5264 | -6/Garrison | Assimilated Beast 5a with formatsys_high 5325 | -6/Garrison | Discovered new exit (range 7) 5360 | -6/Garrison | Triggered checkpoint 5369 | -6/Garrison | Core integrity fell below 50% 5420 | -6/Garrison | Lost 4 parts (1n3w) 5527 | -6/Garrison | Lost 4 parts (1p2n1w) 5645 | -6/Garrison | Destroyed B-75 Beast 5776 | -6/Garrison | Discovered new exit (range 5) 5956 | -6/Garrison | Entered Factory 6075 | -6/Factory | Spotted B-75 Beast 6286 | -6/Factory | Discovered new exit (range 41) 6511 | -6/Factory | Core integrity fell below 20% 6534 | -6/Factory | Entered Extension 6564 | -6/Extension | Lost 4 parts (1p2n1u) 6609 | -6/Extension | Destroyed by Y-54 Guardian with Flak Gun Last Messages --------------- LOCATION=UNKNOWN GOAL=ESCAPE 06544_ U-05 Engineer exits Transfer Station. 06564_ Triggered Stasis Trap. 06564_ A bubble of rippling energy engulfs the area. 06564_ Field strength at 70. 06566_ Field strength at 40. 06567_ Field strength at 10. 06568_ Stasis field depleted. 06568_ Triggered Stasis Trap. 06568_ A bubble of rippling energy engulfs the area. 06568_ Field strength at 70. 06570_ Field strength at 40. 06571_ Field strength at 10. 06572_ Stasis field depleted. 06577_ H8HDFTSV9RNOSM9MANSRCI,&ZUA19|2B 06605_ Adv. Treads destroyed. 06607_ Micro-nuke Launcher destroyed. 06607_ Destroyed Micro-nuke Launcher. 06608_ The unstable cave ceiling collapses. Map ----- +----------------------------------------------------+ | | | | | | | | | | | | | | | | | | | | | | | | | | | | | | | | | | | | | | | | | | | ???????????# ####????????????????? | | ??????????# # ##???????????????? | | ????????## ##??????????????? | | ?????#### Y ###????????????? | | ?????# @ Y = ??? | | ?????# ## lg ##????????????? | | ????## ## = lb #?????????????? | | ????# ## / #?????????????? | | ????# #? #?????????????? | | ????# #?######## #?????????????? | | ????## ##??????????#?????????????? | | ?????# #?????????????????????????? | | ?????# ###########???????????????? | | ?????# "????????? | | ?????# ###########???????????????? | | ?????# #?????????????????????????? | | ?????# #?????????????????????????? | | ?????# #?????????????????????????? | | ?????# #?????????????????????????? | | ?????# #?????????????????????????? | | ?????# #?????????????????????????? | | ?????# #?????????????????????????? | | ?????# #?????????????????????????? | | ?????# #?????????????????????????? | | ?????# #?????????????????????????? | | ?????# #?????????????????????????? | | ?????# #?????????????????????????? | | ?????# #?????????????????????????? | | ?????# #?????????????????????????? | +----------------------------------------------------+ Best States ------------- Heat Dissipation 75 Energy Generation 18 Energy Capacity 310 Matter Stores 400 Matter Capacity 400 Sight Range 22 Terrain Scan Density 10 Evasion (%) 40 Melee Accuracy 24 Core Analysis 6 Recoil Reduction 4 Defensive Hacking 10 Item Schematics ----------------- Mni. Grenade Launcher | -9/Materials | Scanalyzed Robot Schematics ------------------ L-31 Rogue | -9/Storage | Hacked Fabricated ------------ Nothing Alien Tech Used ----------------- None Achievements -------------- None Challenges ------------ None Game ------ Seed MakeshiftProcessingLog Manual? 0 Play Time 01:08:00 Cumulative 195.6 hours Start 2019.12.03 @ 12:51:44 End 2019.12.03 @ 14:28:30 Sessions 1 Manual Loads 0 Difficulty Rogue Special Mode None Game No. 314 Rogue 313 Adventurer 0 Explorer 1 Win Type - Total 0 Types 0/0/0/0/0/0/0 Lore% 59 Gallery% 74 Achievement% 44 Wizard Run 0 Options --------- ASCII 1 Keyboard 1 Movement Vi Keybinds 0 Fullscreen 1 Font 14/Cog Map View 72x52 Tactical HUD 1 Map Filters NONE Filters LOW_CONTRAST(13,24,33) Steam 0 RUN: 0c1a0b95-7b8f-4d6d-b6d1-fbfb463c54ac